 Dungeon Crawl Stone Soup version 0.21-a0-642-g5d013b2151 (webtiles) character file.

35 Ezendos the Vexing (level 3, 0/31 HPs)
             Began as a Kobold Arcane Marksman on Dec 31, 2017.
             Succumbed to an adder's poison
             ... on level 2 of the Dungeon.
             The game lasted 00:04:41 (1782 turns).

Ezendos the Vexing (Kobold Arcane Marksman)         Turns: 1782, Time: 00:04:41

Health: 0/31       AC: 21    Str:  7    XL:     3   Next: 52%
Magic:  1/6        EV:  3    Int: 15    God:
Gold:   72         SH:  0    Dex: 15    Spells: 3/6 levels left

rFire    . . .     SeeInvis .   k - +0 dagger
rCold    . . .     Gourm    .   (shield restricted)
rNeg     + + +     Faith    .   (armour currently unavailable)
rPois    +         Spirit   .   (helmet currently unavailable)
rElec    .         Reflect  .   (cloak currently unavailable)
rCorr    .         Harm     .   (gloves currently unavailable)
MR       .....     NoTele   +   (boots currently unavailable)
Stlth    +.........             (no amulet)
HPRegen  0.10/turn              (no ring)
MPRegen  0.10/turn              (no ring)

@: lethally poisoned (0 -> -1), tree-form
A: small, carnivore
a: no special abilities


You were on level 2 of the Dungeon.
You were not hungry.
You were a tree.
You visited 1 branch of the dungeon, and saw 2 of its levels.

You collected 72 gold pieces.

Inventory:

Hand Weapons
 a - a +1 hand crossbow
 k - a +0 dagger (weapon)
Missiles
 d - 14 bolts
 m - 17 poisoned needles
Armour
 e - a +0 robe (melded)
 h - a +0 leather armour
 i - a +0 scale mail
Scrolls
 b - a scroll of teleportation
 l - 4 scrolls of remove curse
Potions
 j - a potion of lignification
Books
 c - a book of Debilitation

   Spells                             Type                      Level
   a - Corona                         Hexes                        1
   b - Slow                           Hexes                        2
   c - Inner Flame                    Hexes/Fire                   3
   d - Portal Projectile              Hexes/Translocation          3
   e - Cause Fear                     Hexes                        4
   f - Leda's Liquefaction            Hexes/Earth                  4
Comestibles
 f - 4 rations


   Skills:
 - Level 2.1 Fighting
 - Level 2.4 Crossbows
 - Level 2.4 Dodging
 + Level 2.0 Spellcasting
 + Level 3.4 Hexes


You had 3 spell levels left.
You knew the following spells:

 Your Spells              Type           Power        Failure   Level  Hunger
a - Corona                Hex            ##.....      5%          1    #......
b - Slow                  Hex            ##......     8%          2    ###....


Dungeon Overview and Level Annotations

Branches:
Dungeon (2/15)

Altars:


Innate Abilities, Weirdness & Mutations

You are small and have problems with some larger weapons.
You are carnivorous and can eat meat at any time.


Message History

You hit the adder.
The adder is almost dead.
The adder bites you but does no damage.
You hit the adder.
You kill the adder!
Your Spellcasting skill increases to level 2!
You cannot move.
You cannot move.
You cannot move.
You cannot move.
There is a lethal amount of poison in your body!
There is a lethal amount of poison in your body!
* * * LOW HITPOINT WARNING * * *
You feel sick.
Your magical contamination has completely faded away.
Okay, then.
As you read the scroll labeled XUBBETAWNU, it crumbles to dust.
You hear a loud clanging noise!
It was a scroll of noise.
You die...

########## #........# #.######.#
#.# #.# #####.# #.#
**#######.....######.#########
,,..............♣...........>#
**#..........#######....####.#
#..........# ####.# #.####
#.....†....# #.# #.....
**#....(....S#*******##.####.####
,,....(........,,,,,,............
,,...........###*****##.####.####
,,............,,,,* #.## #.#
,,...........##**,* #..# #.#


There were no monsters in sight!

Vanquished Creatures
  2 adders (D:2)
  A worm (D:2)
  A dart slug (D:2)
  4 bats
  2 goblins (D:1)
  2 frilled lizards (D:1)
  A kobold (D:1)
  3 rats
16 creatures vanquished.

Notes
Turn   | Place    | Note
-------+----------+-------------------------------------------
     0 | D:1      | Ezendos the Kobold Arcane Marksman began the quest for the Orb.
     0 | D:1      | Reached XP level 1. HP: 12/12 MP: 2/2
   695 | D:1      | Reached XP level 2. HP: 14/17 MP: 0/3
   720 | D:1      | Learned a level 2 spell: Slow
  1637 | D:2      | Reached XP level 3. HP: 13/21 MP: 0/5
  1778 | D:2      | HP: 1/31 [poisoned by an adder]
  1782 | D:2      | Succumbed to an adder's poison

Vault maps used:
D:1:      kennysheep_arrival_seaside, serial_bayou_pond_c, minmay_hedge_maze,
          hangedman_glass_teeth
D:2:      minmay_misc_feat_nine_boxes

Skill      XL: |  1  2  3 |
---------------+----------+-----
Fighting       | 2 |  2.1
Spellcasting   | 2 |  2.0
Crossbows      | |  2.4
Dodging        | |  2.4
Hexes          | |  3.4

Action                   || total
-------------------------++-------
Melee: Mace              ||    63
       Dagger            ||    27
 Fire: Hand crossbow     ||    10
 Cast: Corona            ||     6
       Slow              ||     4
  Use: Scroll            ||     6
       Potion            ||     1
 Stab: Sleeping          ||     1
  Eat: Chunk             ||     3
Armor: Robe              ||    18
       Leather armour    ||     9
       Skin              ||     4
Dodge: Dodged            ||    99

Table legend:
 A = Spawn XP
 B = Non-spawn XP
 C = Spawn XP percentage of total XP
 D = Spawn monster count
 E = Non-spawn monster count
 F = Spawn count percentage of total count
 G = Total turns spent on level
                    A         B        C        D         E        F      G
               +---------+---------+-------+---------+---------+-------+---------
         Total |       0 |      50 |   0.0 |       0 |      16 |   0.0 |  1782
               +---------+---------+-------+---------+---------+-------+---------
           D:1 |       0 |      12 |   0.0 |       0 |       9 |   0.0 |  1378
           D:2 |       0 |      38 |   0.0 |       0 |       7 |   0.0 |   404
               +---------+---------+-------+---------+---------+-------+---------
